 Seeded DCSS version 0.31-a0-521-gc7390f8997 (webtiles) character file.

Game seed: 6179516129219275505 (custom seed)

2036 innerfire43 the Insei (level 9, -11/56 (67) HPs)
             Began as a Gnoll Shapeshifter on Aug 10, 2023.
             Was a Priest of the Shining One.
             Killed by divine providence
             ... invoked by Jeremiah
              (12 damage)
             ... on level 8 of the Dungeon.
             The game lasted 00:11:11 (7283 turns).

innerfire43 the Insei (Gnoll Shapeshifter)          Turns: 7283, Time: 00:11:11

HP:   -11/56 (67)   AC:  3    Str: 14    XL:     9   Next: 24%
MP:   24/24         EV: 15    Int: 10    God:    the Shining One [***...]
Gold: 314           SH:  0    Dex: 15    Spells: 13/16 levels left

rFire   . .          .
                       - Unarmed
rCold   . . .        (shield currently unavailable)
rNeg    + . .        a - +0 animal skin
rPois   .            (no helmet)
rElec   .            p - +0 cloak
rCorr   .            (no gloves)
SInv    .            (no boots)
Will    .....        y - amulet of the acrobat
Stlth   +            o - ring of magical power
HPRegen 0.29/turn    (no ring)
MPRegen 0.19/turn

%: acrobat
@: flux-form, glowing, studying Long Blades, heavily drained
A: glow, contaminating, fangs 1, strong nose, distributed training
a: Begin Untransformation, Renounce Religion, Divine Shield, Cleansing Flame


You were on level 8 of the Dungeon.
You worshipped the Shining One.
The Shining One was most pleased with you.
You were something dangerously unstable.
You visited 1 branch of the dungeon, and saw 8 of its levels.

You collected 314 gold pieces.

Inventory:

Armour
 a - a +0 animal skin (worn)
 p - a +0 cloak (worn)
Jewellery
 o - a ring of magical power (left hand)
 y - an amulet of the acrobat (around neck)
Talismans
 c - a beast talisman
 d - a flux talisman (active)
 k - a maw talisman
Wands
 f - a wand of flame (43)
 w - a wand of paralysis (17)
Scrolls
 e - a scroll of immolation {unknown}
 g - 7 scrolls of teleportation {unknown}
 l - a scroll of fear {unknown}
 m - 8 scrolls of identify {unknown}
 n - a scroll of noise {unknown}
 q - a scroll of fog {unknown}
 r - a scroll of enchant armour {unknown}
 s - a scroll of vulnerability {unknown}
 t - a scroll of brand weapon {unknown}
 v - a scroll of torment {unknown}
Potions
 b - a potion of lignification
 h - 4 potions of curing {unknown}
 i - a potion of mutation {unknown}
 j - a potion of cancellation {unknown}
 u - a potion of magic {unknown}
 x - a potion of might {unknown}
 z - 3 potions of attraction {unknown}


   Skills:
 + Level 4.9 Fighting
 + Level 4.1 Short Blades
 + Level 5.4 Long Blades
 + Level 4.1 Axes
 + Level 4.1 Maces & Flails
 + Level 4.1 Polearms
 + Level 4.1 Staves
 + Level 4.1 Ranged Weapons
 + Level 4.1 Throwing
 + Level 4.1 Armour
 + Level 6.2 Dodging
 + Level 4.1 Stealth
 + Level 4.1 Shields
 + Level 7.8 Unarmed Combat
 + Level 4.1 Spellcasting
 + Level 3.4 Conjurations
 + Level 3.4 Hexes
 + Level 3.4 Summonings
 + Level 3.4 Necromancy
 + Level 3.4 Translocations
 + Level 3.4 Transmutations
 + Level 3.4 Fire Magic
 + Level 3.4 Ice Magic
 + Level 3.4 Air Magic
 + Level 3.4 Earth Magic
 + Level 3.4 Poison Magic
 + Level 4.5 Invocations
 + Level 4.1 Evocations
 + Level 7.4 Shapeshifting


You had 13 spell levels left.
You knew the following spells:

 Your Spells              Type           Power      Damage    Failure   Level
a - Shock                 Conj/Air       32%        1d5       6%          1
b - Blink                 Tloc           16%        N/A       10%         2

Your spell library contained the following spells:

 Spells                   Type           Power      Damage    Failure   Level
 Magic Dart               Conj           32%        1d4       6%          1
 Call Imp                 Summ           16%        N/A       10%         2
 Lesser Beckoning         Tloc           16%        N/A       10%         2
 Momentum Strike          Conj/Tloc      16%        3d8       10%         2
 Sublimation of Blood     Necr           8%         N/A       10%         2
 Mephitic Cloud           Conj/Pois/Air  8%         N/A       19%         3
 Swiftness                Air            8%         N/A       19%         3
 Airstrike                Air            4%         2d(1-17)  52%         4
 Petrify                  Tmut/Erth      8%         N/A       52%         4
 Irradiate                Conj/Tmut      4%         3d13      86%         5


Dungeon Overview and Level Annotations

Branches:
Dungeon (8/15)             Temple (0/1) D:4
   Lair: D:8-11

Altars:
Makhleb
Qazlal
Ru
Vehumet
The Shining One

Shops:
D:5 =

Annotations:
D:8 Jeremiah


Innate Abilities, Weirdness & Mutations

You are something dangerously unstable.
You glow with magical radiation, making you easy to see and hit.
Foes you strike become dangerously contaminated with magical radiation.
You are incapable of wielding weapons or throwing items.
You have very sharp teeth.
Your uncanny sense of smell can sniff out nearby items.
Your experience applies equally to all skills.


Message History

Jeremiah closely misses you. Jeremiah completely misses you.
You hit Jeremiah but do no damage.
Jeremiah begins to glow.
Jeremiah is lightly wounded.
The butterfly disappears in a burst of colours! x3
The wight hits you with a +3 dagger!
You hit Jeremiah.
Jeremiah glows dangerously bright.
Jeremiah is lightly wounded.
Jeremiah cries, "Fearful master, protect me!"
Something smites you! The wight barely misses you.
You hit Jeremiah.
Jeremiah shudders as magic cascades through them!
Jeremiah twists and deforms.
Jeremiah is lightly wounded.
Jeremiah says, "Oh, this is an awfully strange dream."
Jeremiah hits you with a +2 glaive of draining!
You partially resist.
You feel drained. The wight hits you with a +3 dagger.
* * * LOW HITPOINT WARNING * * *
You partially resist.
You feel drained.
You barely miss Jeremiah.
Jeremiah is lightly wounded.
The butterfly stops glowing.
Jeremiah barely misses you. The wight hits you with a +3 dagger.
* * * LOW HITPOINT WARNING * * *
You partially resist.
You feel drained.
Unknown command.
You hit Jeremiah.
Jeremiah begins to glow.
You bite Jeremiah.
Jeremiah is moderately wounded.
The butterfly disappears in a burst of colours!
Jeremiah mumbles a slurred invocation.
Something smites you!
* * * LOW HITPOINT WARNING * * *
The wight closely misses you.
Unknown command.
You hit Jeremiah.
Jeremiah glows dangerously bright.
You bite Jeremiah, but do no damage.
Jeremiah is moderately wounded.
Jeremiah lets out a twisted cry.
Something smites you!
You die...

##..<...#
#.....###
#...[.#
#.....#
#.....#
#.....#
###.###
###b###b#
....bbzB#
.b...bbF#
.#..b##b#
#...


bbb .... #.# .#. #b# #. ..# ..# You could see Jeremiah (heavy contam, misshapen)
and a wight.

Vanquished Creatures
  A hornet (D:7)
  A wyvern (D:7)
  An orc warrior (D:7)
  An ice beast (D:5)
  2 ogres
  A phantom (D:5)
  A kobold brigand (D:6)
  2 scorpions (D:6)
  3 wights
  A water moccasin skeleton (D:5)
  2 howler monkeys
  A crimson imp (D:3)
  A bullfrog zombie (D:5)
  2 jellies (D:4)
  A hound (D:5)
  3 orc priests (D:7)
  A gnoll bouda (D:4)
  3 iguanas
  Terence (D:2)
  An orc wizard (D:5)
  2 sleepcaps
  Natasha (D:3)
  10 gnolls
  11 adders
  2 shadow imps (D:5)
  An ufetubus (D:6)
  18 orcs
  13 ball pythons
  8 endoplasms
  2 giant cockroaches (D:1)
  8 goblins
  13 hobgoblins
  6 jackals (D:1)
  5 kobolds
  7 quokkas
  6 bats
  2 frilled lizards (D:3)
  8 rats
153 creatures vanquished.

Notes
Turn   | Place    | Note
-------+----------+-------------------------------------------
     0 | D:1      | innerfire43 the Gnoll Shapeshifter began the quest for the
                  | Orb.
     0 | D:1      | Reached XP level 1. HP: 17/17 MP: 1/1
    41 | D:1      | Reached XP level 2. HP: 10/23 MP: 2/2
   515 | D:1      | Reached XP level 3. HP: 26/28 MP: 3/3
   607 | D:1      | Found a faded altar of an unknown god.
   929 | D:1      | Prayed at the altar of an unknown god.
   929 | D:1      | Became a worshipper of the Shining One
   929 | D:1      | Reached * piety under the Shining One
  1111 | D:2      | Reached skill level 1 in Invocations
  1117 | D:2      | Reached skill level 1 in Short Blades
  1117 | D:2      | Reached skill level 1 in Long Blades
  1117 | D:2      | Reached skill level 1 in Axes
  1117 | D:2      | Reached skill level 1 in Maces & Flails
  1117 | D:2      | Reached skill level 1 in Polearms
  1117 | D:2      | Reached skill level 1 in Staves
  1117 | D:2      | Reached skill level 1 in Ranged Weapons
  1117 | D:2      | Reached skill level 1 in Throwing
  1117 | D:2      | Reached skill level 1 in Armour
  1117 | D:2      | Reached skill level 1 in Stealth
  1117 | D:2      | Reached skill level 1 in Shields
  1117 | D:2      | Reached skill level 1 in Spellcasting
  1117 | D:2      | Reached skill level 1 in Evocations
  1120 | D:2      | Reached XP level 4. HP: 21/34 MP: 5/5
  1194 | D:2      | Reached skill level 1 in Conjurations
  1194 | D:2      | Reached skill level 1 in Hexes
  1194 | D:2      | Reached skill level 1 in Summonings
  1194 | D:2      | Reached skill level 1 in Necromancy
  1194 | D:2      | Reached skill level 1 in Translocations
  1194 | D:2      | Reached skill level 1 in Transmutations
  1194 | D:2      | Reached skill level 1 in Fire Magic
  1194 | D:2      | Reached skill level 1 in Ice Magic
  1194 | D:2      | Reached skill level 1 in Air Magic
  1194 | D:2      | Reached skill level 1 in Earth Magic
  1194 | D:2      | Reached skill level 1 in Poison Magic
  1249 | D:2      | Reached XP level 5. HP: 30/40 MP: 5/7
  1332 | D:2      | Noticed Terence
  1367 | D:2      | Killed Terence
  1925 | D:3      | Found a stormy altar of Qazlal.
  2485 | D:3      | Found a burning altar of Makhleb.
  2485 | D:3      | Found a radiant altar of Vehumet.
  2490 | D:3      | Reached XP level 6. HP: 43/47 MP: 8/8
  2691 | D:3      | Noticed Natasha
  2695 | D:3      | Killed Natasha
  2812 | D:4      | Reached skill level 5 in Dodging
  3031 | D:4      | Reached ** piety under the Shining One
  3136 | D:4      | HP: 1/47 [acid (8)]
  3420 | D:4      | Found a staircase to the Ecumenical Temple.
  3431 | D:4      | HP: 2/47 [gnoll/+0 whip[a gnoll bouda] (6)]
  3439 | D:4      | Reached XP level 7. HP: 24/52 MP: 10/10
  3880 | D:5      | Entered Level 5 of the Dungeon
  4157 | D:5      | Found a sacrificial altar of Ru.
  4229 | D:5      | Found Jeniroex's Jewellery Shoppe.
  4303 | D:5      | HP: 2/53 [iguana (11)]
  4305 | D:5      | Reached XP level 8. HP: 2/60 MP: 12/12
  5194 | D:6      | Learned a level 1 spell: Shock
  5547 | D:6      | You fall into a shaft and drop 2 floors!
  5882 | D:7      | Noticed a hornet
  5892 | D:7      | Paralysed by a hornet for 1 turns
  5894 | D:7      | Killed a hornet
  6113 | D:7      | Noticed a wyvern
  6120 | D:7      | Killed a wyvern
  6121 | D:7      | Reached skill level 5 in Long Blades
  6121 | D:7      | Reached XP level 9. HP: 27/66 MP: 14/14
  6347 | D:7      | Reached *** piety under the Shining One
  6697 | D:7      | Learned a level 2 spell: Blink
  6874 | D:8      | Noticed Jeremiah
  7282 | D:8      | HP: 1/56 [Jeremiah/divine providence (12)]
  7283 | D:8      | Killed from afar by Jeremiah

Illustrated notes

Levels and vault maps discovered:
D:1:      onia_arrival_pyramid, layout_basic,
          shapermc_ecumenical_altar_mp_vishouse, minmay_shallow_snake_nest
D:2:      layout_basic, uniq_terence
D:3:      layout_loops_ring, grunt_temple_overflow_lords_of_destruction,
          mainiacjoe_overflow_six_doors_small, minmay_quantized, uniq_natasha
D:4:      layout_loops_ring, minmay_temple_entry_enclosed_plants
D:5:      layout_loops_ring, mainiacjoe_overflow_boulevard, serial_shops, shop,
          serial_undead, serial_undead_c, serial_undead_e, serial_undead_a,
          serial_undead_a, grunt_ministairs_9, minmay_misc_feat_cross,
          dk_vineyard_1
D:6:      layout_cave_pools, chequers_serial_rivers_small_3,
          chequers_serial_rivers_small_3, amcnicky_mini_pool_small
D:7:      layout_cave_pools, enter_bailey_5, nicolae_the_louvre
D:8:      layout_loops_cross, elyvilon_altar_5, uniq_jeremiah

Skill      XL: |  1  2  3  4  5  6  7  8  9 |
---------------+----------------------------+-----
Invocations    | 1 2 3 4 |  4.5
Short Blades   | 1 2 3 4 |  4.1
Long Blades    | 1 2 3 5 |  5.4
Axes           | 1 2 3 4 |  4.1
Maces & Flails | 1 2 3 4 |  4.1
Polearms       | 1 2 3 4 |  4.1
Staves         | 1 2 3 4 |  4.1
Ranged Weapons | 1 2 3 4 |  4.1
Throwing       | 1 2 3 4 |  4.1
Armour         | 1 2 3 4 |  4.1
Stealth        | 1 2 3 4 |  4.1
Shields        | 1 2 3 4 |  4.1
Spellcasting   | 1 2 3 4 |  4.1
Evocations     | 1 2 3 4 |  4.1
Conjurations   | 1 2 3 |  3.4
Hexes          | 1 2 3 |  3.4
Summonings     | 1 2 3 |  3.4
Necromancy     | 1 2 3 |  3.4
Translocations | 1 2 3 |  3.4
Transmutations | 1 2 3 |  3.4
Fire Magic     | 1 2 3 |  3.4
Ice Magic      | 1 2 3 |  3.4
Air Magic      | 1 2 3 |  3.4
Earth Magic    | 1 2 3 |  3.4
Poison Magic   | 1 2 3 |  3.4
Fighting       | 3 4 |  4.9
Dodging        | 5 6 |  6.2
Unarmed Combat | 7 |  7.8
Shapeshifting  | 7 |  7.4

Action                     |  1- 3 |  4- 6 |  7- 9 || total
---------------------------+-------+-------+-------++-------
  Melee: Unarmed           |    89 |   184 |   195 ||   468
         Bite              |     5 |    17 |    18 ||    40
   Cast: Shock             |       |       |    85 ||    85
 Invoke: Divine Shield     |       |     1 |       ||     1
    Use: Potion            |       |     4 |     1 ||     5
 Armour: Animal skin       |    14 |    10 |     9 ||    33
  Dodge: Dodged            |    63 |   109 |   117 ||   289
  Block: Other             |       |     8 |       ||     8
   Form: Flux              |     1 |       |       ||     1

Table legend: (Time is in decaauts)
 A = Elapsed time spent in this place.
 B = Non-inter-level travel time spent in this place.
 C = Inter-level travel time spent in this place.
 D = Time resting spent in this place.
 E = Time spent auto-exploring this place.
 F = Levels seen in this place.
 G = Mean time per level.
                   A        B        C        D        E       F      G
               +--------+--------+--------+--------+--------+-----+--------+
         Total |   7231 |   6990 |    241 |      0 |   5934 |   8 |  903.9 |
       Dungeon |   7231 |   6990 |    241 |      0 |   5934 |   8 |  903.9 |
               +--------+--------+--------+--------+--------+-----+--------+

Top non-repeatable levels by time:
     D:7: 1372 daAuts
     D:4: 1070 daAuts
     D:5: 1069 daAuts
     D:1: 970 daAuts
     D:2: 908 daAuts
     D:3: 895 daAuts
     D:6: 867 daAuts
     D:8: 76 daAuts
